 Dungeon Crawl Stone Soup version 0.27.1-35-g4d5d836560 (webtiles) character file.

Game seed: 2134655261785924485

121 pkoi the Ruffian (level 4, -2/36 HPs)
             Began as a Demigod Gladiator on May 18, 2022.
             Slain by a phantom (7 damage)
             ... on level 4 of the Dungeon.
             The game lasted 00:03:22 (3478 turns).

pkoi the Ruffian (Demigod Gladiator)                Turns: 3478, Time: 00:03:22

Health: -2/36      AC:  8    Str: 26    XL:     4   Next: 48%
Magic:  7/7        EV: 12    Int: 10    God:
Gold:   119        SH:  0    Dex: 15    Spells: 1/3 levels left

rFire    . . .     SeeInvis .     - Unarmed
rCold    . . .     Faith    .   (no shield)
rNeg     . . .     Spirit   .   a - +0 leather armour
rPois    .         Reflect  .   b - +0 helmet
rElec    .         Harm     .   (no cloak)
rCorr    +         Rampage  .   l - +0 pair of gloves
Will     .....                  e - +2 pair of boots of Mumblety Peg {rCorr Str+7}
Stlth    +.........             (no amulet)
HPRegen  0.12/turn              (no ring)
MPRegen  0.10/turn              (no ring)

@: no status effects
A: high mp 1, forlorn
a: no special abilities


You were on level 4 of the Dungeon.
You visited 1 branch of the dungeon, and saw 4 of its levels.

You collected 119 gold pieces.

Inventory:

Hand Weapons
 d - a +0 dagger
 f - a +0 mace
 j - a +1 mace of holy wrath
Missiles
 c - 3 throwing nets (quivered)
Armour
 a - a +0 leather armour (worn)
 b - a +0 helmet (worn)
 e - the +2 pair of boots of Mumblety Peg (worn) {rCorr Str+7}
   (You acquired it on level 2 of the Dungeon)

   Str:       It affects your strength (+7).
   rCorr:     It protects you from acid and corrosion.
 l - a +0 pair of gloves (worn)
Scrolls
 g - a scroll of teleportation {unknown}
 i - 2 scrolls of identify
Potions
 h - a potion of flight
 k - 2 potions of curing


   Skills:
 - Level 2.0 Fighting
 - Level 1.7 Throwing
 - Level 2.6 Dodging
 * Level 4.7 Unarmed Combat
 + Level 0.3 Spellcasting
 + Level 0.4 Summonings
 + Level 0.6 Translocations


You had one spell level left.
You knew the following spells:

 Your Spells              Type           Power      Damage    Failure   Level
a - Apportation           Tloc           2%         N/A       32%         1
b - Summon Small Mammal   Summ           4%         N/A       34%         1

Your spell library contained the following spells:

 Spells                   Type           Power      Damage    Failure   Level
 Animate Skeleton         Necr           0%         N/A       38%         1
 Corona                   Hex            0%         N/A       38%         1
 Pain                     Necr           0%         1d4       38%         1
 Vampiric Draining        Necr           0%         2d6       77%         3


Dungeon Overview and Level Annotations

Branches:
Dungeon (4/15)
 Temple: D:4-7


Innate Abilities, Weirdness & Mutations

Your attributes grow dramatically as you level up.
You have an increased reservoir of magic. (+10% MP)
You shall have no god before yourself.


Message History

You are too injured to fight recklessly!
The phantom closely misses you.
You punch the phantom!
The phantom is severely damaged.
The phantom misses you.
You barely miss the phantom.
The phantom is severely damaged.
The phantom hits you.
The phantom blinks!
You blink.
An endoplasm comes into view.
You hit the phantom.
The phantom is severely damaged.
The phantom hits you but does no damage.
You hit the phantom.
The phantom is severely damaged.
The phantom hits you.
* * * LOW HITPOINT WARNING * * *
The phantom blinks!
You blink.
You barely miss the phantom.
The phantom is severely damaged.
The phantom hits you.
* * * LOW HITPOINT WARNING * * *
You barely miss the phantom.
The phantom is severely damaged.
You miss the phantom.
The phantom is severely damaged.
The phantom hits you!
* * * LOW HITPOINT WARNING * * *
The phantom blinks!
You blink.
Found 7 bolts.
You hit the phantom.
The phantom is almost destroyed.
The phantom hits you.
* * * LOW HITPOINT WARNING * * *
The phantom blinks!
You blink.
You hit the phantom but do no damage.
The phantom is almost destroyed.
The phantom closely misses you.
You miss the phantom.
The phantom is almost destroyed.
The phantom hits you!
You die...

#.............. ...
.##.............. ....
............... .....
............###.....
#.................#
#..................
###................
#.#§.....WJ........
#.###..>....#@.........
#..........##......##.##.
..............####... ##..
(..#..#...$..## ....#...
##...##...!..#### ##.....###
................# .......>..#
...#.###........###.........##
# #.....§#...............
........###.....#......<.


You could see a phantom and an endoplasm.

Vanquished Creatures
  A hound (D:3)
  2 adders (D:2)
  A dart slug (D:1)
  An orc (D:3)
  7 endoplasms
  3 giant cockroaches
  5 goblins
  7 hobgoblins
  4 jackals (D:2)
  3 quokkas
  8 ball pythons
  4 bats
  4 frilled lizards
  6 kobolds
  8 rats
64 creatures vanquished.

Notes
Turn   | Place    | Note
-------+----------+-------------------------------------------
     0 | D:1      | pkoi the Demigod Gladiator began the quest for the Orb.
     0 | D:1      | Reached XP level 1. HP: 17/17 MP: 3/3
   287 | D:1      | Reached skill level 3 in Unarmed Combat
   710 | D:1      | Reached XP level 2. HP: 8/24 MP: 4/4
  1532 | D:2      | Reached XP level 3. HP: 8/29 MP: 5/5
  1836 | D:2      | Reached skill level 4 in Unarmed Combat
  2467 | D:2      | Identified a scroll of acquirement
  2467 | D:2      | Acquired the +2 pair of boots of Mumblety Peg {rCorr Str+7}
  2476 | D:2      | Learned a level 1 spell: Apportation
  2478 | D:2      | Learned a level 1 spell: Summon Small Mammal
  2861 | D:3      | Reached XP level 4. HP: 34/36 MP: 6/6
  3450 | D:4      | Noticed a phantom
  3478 | D:4      | Slain by a phantom

Illustrated notes

Levels and vault maps discovered:
D:1:      minmay_arrival_open_corners, layout_rooms
D:2:      layout_basic, serial_corexii_hall, corexii_hall_statues_s,
          corexii_hall_statues_x
D:3:      layout_basic, xom_butterflies, solitary_fountain
D:4:      layout_cave_pools, mainiacjoe_overflow_boulevard

Skill      XL: |  1  2  3  4 |
---------------+-------------+-----
Unarmed Combat | 3 4 |  4.7
Fighting       | 2 |  2.0
Throwing       | |  1.7
Dodging        | |  2.6
Spellcasting   | |  0.3
Summonings     | |  0.4
Translocations | |  0.6

Action                   |  1- 3 |  4- 6 || total
-------------------------+-------+-------++-------
Melee: Unarmed           |   207 |    54 ||   261
       Punch             |     6 |     1 ||     7
       Mace              |     1 |       ||     1
  Use: Scroll            |     7 |     1 ||     8
       Potion            |     2 |       ||     2
 Stab: Sleeping          |     1 |       ||     1
Armor: Leather armour    |    59 |    21 ||    80
Dodge: Dodged            |   123 |    25 ||   148
